 Dungeon Crawl Stone Soup version 0.16.1 (webtiles) character file.

46 Meow the Skirmisher (level 3, 0/26 HPs)
             Began as an Octopode Wizard on Mar 25, 2015.
             Shot with a stone by a goblin (4 damage)
             ... led by Robin
             ... on level 2 of the Dungeon.
             The game lasted 00:04:08 (1542 turns).

Meow the Skirmisher (Octopode Wizard)               Turns: 1542, Time: 00:04:08

Health: 0/26       AC:  1    Str:  6    XL:     3   Next: 68%
Magic:  2/7        EV: 12    Int: 21    God:
Gold:   127        SH:  0    Dex: 10    Spells: 2 memorised, 4 levels left

rFire  . . .     SeeInvis .     n - -3 dagger (curse)
rCold  . . .     Clarity  .     (no shield)
rNeg   . . .     SustAb   .     b - +0 hat
rPois  .         Gourm    .     (no amulet)
rElec  .         Spirit   .     (no ring)
rCorr  .         Warding  .     (no ring)
rMut   .         Stasis   .     (no ring)
MR     .....                    (no ring)
Stlth  +++.......               (no ring)
                                (no ring)
                                (no ring)
                                (no ring)

@: lethally poisoned (0 -> -7), very slightly contaminated, not resistant to
hostile enchantments, fairly stealthy
A: almost no armour, amphibious, 8 rings, constrict 8, camouflage 1, gelatinous
body 1
a: no special abilities


You were on level 2 of the Dungeon.
You were hungry.

You visited 1 branch of the dungeon, and saw 2 of its levels.

You collected 127 gold pieces.

Inventory:

Hand weapons
 a - a +0 club
 h - a +0 spear
 i - a +0 short sword
 m - a +0 club
 n - a cursed -3 dagger (weapon)
Missiles
 e - 3 javelins (quivered)
Armour
 b - a +0 hat (worn)
Scrolls
 k - 2 scrolls of amnesia
 l - a scroll of remove curse {unknown}
Potions
 f - 2 potions of invisibility {unknown}
 g - a potion of curing {unknown}
Books
 c - a book of Minor Magic

   Spells                             Type                      Level
   a - Magic Dart                     Conjuration                  1
   b - Blink                          Translocation                2
   c - Call Imp                       Summoning                    2
   d - Repel Missiles                 Charms/Air                   2
   e - Slow                           Hexes                        2
   f - Conjure Flame                  Conjuration/Fire             3
   g - Mephitic Cloud                 Conjuration/Poison/Air       3
Comestibles
 d - a bread ration
 j - a meat ration


   Skills:
 + Level 3.2 Fighting
 - Level 2.0 Dodging
 - Level 2.6 Stealth
 - Level 3.0 Spellcasting
 - Level 1.0 Conjurations
   Level 1.0 Summonings
   Level 1.0 Translocations


You had 4 spell levels left.
You knew the following spells:

 Your Spells              Type           Power        Failure   Level  Hunger
a - Magic Dart            Conj           #...         12%         1    None
c - Mephitic Cloud        Conj/Pois/Air  #.......     34%         3    ###....


Dungeon Overview and Level Annotations

Branches:
Dungeon (2/15)

Altars:

Annotations:
D:2 Robin


Innate Abilities, Weirdness & Mutations

You cannot wear most types of armour.
You are amphibious.
You can wear up to eight rings at the same time.
You can use your tentacles to constrict many enemies at once.
Your skin changes colour to match your surroundings (Stealth).
Your rubbery body absorbs attacks (AC +1).


Message History

You kill the hobgoblin!
You closely miss the goblin. You grab the goblin. You constrict the goblin.
The goblin hits you but does no damage.
You hit the goblin but do no damage. You squeeze the goblin.
You kill the goblin!
The goblin unwields an uncursed club.
The goblin wields a hunting sling.
The goblin shoots a stone.
The stone hits you.
* * * LOW HITPOINT WARNING * * *
Casting: Magic Dart
Confirm with . or Enter, or press ? or * to list all spells.
Aiming: Mephitic Cloud
Press: ? - help, Shift-Dir - straight line, f - goblin
Aim: a goblin, wielding a hunting sling You miscast Mephitic Cloud.
You are very lightly contaminated with residual magic.
You are lethally poisoned!
You feel sick.
* * * LOW HITPOINT WARNING * * *
You feel sick.
The goblin shoots a stone.
The stone hits you.
You die...

#..
......................
##.
##.......####........
.. +.......# #########
# #.......# #(......#
#.......# #.......#
#.......# ###@#####
#####)### #....g).###
#.......'.#
#.......#g#
#.......#>#
#.......#(#
#########g# .#


You could see a goblin.

Vanquished Creatures
  2 adders (D:2)
  A giant mite (D:1)
  5 goblins (D:2)
  3 hobgoblins
  3 jackals (D:1)
  A bat (D:1)
  5 kobolds (D:1)
20 creatures vanquished.

Notes
Turn   | Place    | Note
--------------------------------------------------------------
     0 | D:1      | Meow, the Octopode Wizard, began the quest for the Orb.
     0 | D:1      | Reached XP level 1. HP: 11/11 MP: 4/4
   368 | D:1      | Reached skill level 1 in Fighting
   446 | D:1      | Reached XP level 2. HP: 14/19 MP: 0/6
  1295 | D:2      | Reached XP level 3. HP: 12/25 MP: 7/7
  1414 | D:2      | Learned a level 3 spell: Mephitic Cloud
  1524 | D:2      | Noticed Robin
  1542 | D:2      | Shot with a stone by a goblin

Action                   || total
-------------------------++-------
Melee: Unarmed           ||    16
       Dagger            ||    18
       Club              ||     3
Throw: Javelin           ||    27
 Cast: Magic Dart        ||    29
  Use: Scroll            ||     4
  Eat: Chunk             ||     1
